 Dungeon Crawl Stone Soup version 0.23.2-40-g277498a001 (webtiles) character file.

Game seed: 17372755478204067383

476 H0rd4k the Charlatan (level 7, -3/51 HPs)
             Began as a Human Artificer on Aug 30, 2019.
             Slain by an orc
             ... wielding a +0 flail
              (5 damage)
             ... on level 5 of the Dungeon.
             The game lasted 00:06:58 (5185 turns).

H0rd4k the Charlatan (Human Artificer)              Turns: 5185, Time: 00:06:58

Health: -3/51      AC:  6    Str: 15    XL:     7   Next: 32%
Magic:  10/10      EV: 12    Int: 11    God:
Gold:   160        SH:  0    Dex: 13    Spells: 6/6 levels left

rFire    + + .     SeeInvis +   z - +0 long sword
rCold    x . .     Gourm    .   (no shield)
rNeg     . . .     Faith    .   C - +0 ring mail {rF+}
rPois    .         Spirit   .   j - +0 helmet
rElec    .         Reflect  .   (no cloak)
rCorr    .         Harm     .   (no gloves)
MR       .....                  (no boots)
Stlth    +.........             (no amulet)
HPRegen  0.17/turn              o - ring of see invisible
MPRegen  0.12/turn              u - ring of fire

@: no status effects
A: no striking features
a: no special abilities


You were on level 5 of the Dungeon.
You were not hungry.

You visited 1 branch of the dungeon, and saw 5 of its levels.

You collected 160 gold pieces.

Inventory:

Hand Weapons
 a - a +0 short sword
 z - a +0 long sword (weapon)
Armour
 b - a +0 leather armour
 j - a +0 helmet (worn)
 C - a +0 ring mail of fire resistance (worn)
Jewellery
 o - a ring of see invisible (left hand)
 u - a ring of fire (right hand)
Wands
 d - a wand of enslavement (14)
 e - a wand of random effects (8)
 r - a wand of acid (7)
Scrolls
 c - 4 scrolls of remove curse {unknown}
 g - 5 scrolls of identify {unknown}
 l - a scroll of fear {unknown}
 m - 4 scrolls of teleportation {unknown}
 s - a scroll of amnesia {unknown}
 t - 2 scrolls of random uselessness {unknown}
 v - 2 scrolls of enchant weapon {unknown}
 w - 2 scrolls of enchant armour {unknown}
 x - a scroll of blinking {unknown}
 y - a scroll of noise {unknown}
Potions
 h - 3 potions of curing
 k - 2 potions of cancellation {unknown}
 n - a potion of ambrosia {unknown}
 p - a potion of brilliance {unknown}
 q - a potion of agility {unknown}
 A - a potion of berserk rage {unknown}
 B - a potion of heal wounds {unknown}
 D - a potion of lignification {unknown}
Comestibles
 f - 9 rations
 E - a chunk of flesh


   Skills:
 + Level 2.7 Fighting
 + Level 3.0(3.3) Short Blades
 + Level 2.1(2.9) Long Blades
 + Level 2.9 Armour
 + Level 3.1 Dodging
 + Level 2.1 Stealth
 + Level 4.1 Evocations


You had 6 spell levels left.
You didn't know any spells.
Your spell library was empty.

Dungeon Overview and Level Annotations

Branches:
Dungeon (5/15)
 Temple: D:4-7

Altars:
Makhleb
Sif Muna

Annotations:
D:2 exclusion: downstairs
D:4 exclusion: orc wizard


Message History

The ogre hits you with a +0 giant club.
The worker ant moves out of view.
You hit the ogre but do no damage.
The ogre is almost dead.
The orc barely misses you. The ogre barely misses you.
You riposte.
You hit the ogre but do no damage.
The ogre is almost dead.
You hit the ogre but do no damage.
The ogre is almost dead.
The orc hits you but does no damage. The ogre hits you with a +0 giant club!
Your ring mail prevents you from hitting the ogre.
The ogre is almost dead.
The orc hits you but does no damage. The ogre hits you with a +0 giant club!
* * * LOW HITPOINT WARNING * * *
You hit the ogre.
You kill the ogre!
Your Long Blades skill increases to level 2!
The orc barely misses you.
You barely miss the orc. The orc hits you but does no damage.
You completely miss the orc. The orc hits you with a +0 flail.
You die...

.......#
.......#
.......#
.....## #
....## #..##
#...#
......###...#
........o.÷.#
......###@..#
...... #)#.#
......###.#†#
............#
..........#####
.......(......#
..............#
.....#.(.(....#
..............#


You could see an orc.

Vanquished Creatures
  An ogre (D:5)
  A gnoll sergeant (D:3)
  A scorpion (D:4)
  A howler monkey (D:4)
  A worker ant (D:4)
  5 gnolls
  7 adders
  A shadow imp (D:2)
  An adder skeleton (D:4)
  4 worms
  2 dart slugs
  A leopard gecko (D:1)
  8 orcs
  4 giant cockroaches
  6 hobgoblins
  3 jackals (D:5)
  3 quokkas (D:3)
  4 bats
  4 frilled lizards
  9 goblins
  5 kobolds
  8 rats
80 creatures vanquished.

Notes
Turn   | Place    | Note
-------+----------+-------------------------------------------
     0 | D:1      | H0rd4k the Human Artificer began the quest for the Orb.
     0 | D:1      | Reached XP level 1. HP: 15/15 MP: 3/3
   350 | D:1      | Reached XP level 2. HP: 20/21 MP: 4/4
   826 | D:1      | Reached XP level 3. HP: 23/26 MP: 5/5
  1010 | D:2      | Reached skill level 1 in Armour
  1076 | D:2      | Found a faded altar of an unknown god.
  2091 | D:3      | Reached XP level 4. HP: 23/32 MP: 6/6
  2468 | D:3      | Found a burning altar of Makhleb.
  2789 | D:3      | Noticed a gnoll sergeant
  2800 | D:3      | Reached XP level 5. HP: 35/37 MP: 7/7
  3179 | D:3      | Reached XP level 6. HP: 44/44 MP: 8/8
  3786 | D:4      | Reached skill level 4 in Evocations
  4248 | D:4      | Found a deep blue altar of Sif Muna.
  4779 | D:4      | Reached skill level 1 in Long Blades
  4779 | D:4      | Reached XP level 7. HP: 11/51 MP: 10/10
  5045 | D:5      | Entered Level 5 of the Dungeon
  5182 | D:5      | HP: 1/51 [ogre/+0 giant club (17)]
  5185 | D:5      | Slain by an orc

Skill      XL: |  1  2  3  4  5  6  7 |
---------------+----------------------+-----
Armour         | 1 2 |  2.9
Short Blades   | 2 3 |  3.0
Fighting       | 2 |  2.7
Stealth        | 2 |  2.1
Evocations     | 4 |  4.1
Long Blades    | 1 2 |  2.1
Dodging        | 3 |  3.1

Action                   |  1- 3 |  4- 6 |  7- 9 || total
-------------------------+-------+-------+-------++-------
Melee: Short sword       |   160 |   127 |       ||   287
       Long sword        |       |    77 |    35 ||   112
Throw: Javelin           |       |       |     3 ||     3
Evoke: Wand              |       |    24 |       ||    24
  Use: Potion            |     1 |     1 |       ||     2
 Stab: Sleeping          |     4 |     1 |       ||     5
  Eat: Chunk             |     3 |     9 |     2 ||    14
Armor: Leather armour    |    54 |    39 |       ||    93
       Ring mail         |       |    20 |    35 ||    55
Dodge: Dodged            |    99 |   146 |    50 ||   295
       Rpst.: Long sword |       |    19 |    18 ||    37
